 Dungeon Crawl Stone Soup version 0.31.0-32-g396128a36d (webtiles) character file.

Game seed: 7490118088767158323

1985 Curundu the Cleaver (level 9, -4/118 HPs)
             Began as a Minotaur Berserker on Mar 15, 2024.
             Was an Elder of Trog.
             Slain by a slime creature (5 damage)
             ... on level 7 of the Dungeon.
             The game lasted 00:16:13 (6444 turns).

Curundu the Cleaver (Minotaur Berserker)            Turns: 6444, Time: 00:16:14

Health: -4/118     AC:  7    Str: 27    XL:     9   Next: 1%
Magic:  8/8        EV: 13    Int:  4    God:    Trog [****..]
Gold:   300        SH:  0    Dex:  9    Spells: 8/8 levels left

rFire   . . .        n - +1 war axe
rCold   . . .        (no shield)
rNeg    . . .        b - +0 animal skin
rPois   .            (helmet restricted)
rElec   .            (no cloak)
rCorr   .            k - +2 pair of gloves
SInv    .            t - +1 pair of boots
Will    .....        (no amulet) Stlth
                     (no ring)
HPRegen 0.39/turn    (no ring)
MPRegen 0.11/turn

%: no passive effects
@: berserking, very quick
A: horns 2, retaliatory headbutt
a: Renounce Religion, Berserk, Trog's Hand, Brothers in Arms


You were on level 7 of the Dungeon.
You worshipped Trog.
Trog was greatly pleased with you.
You visited 1 branch of the dungeon, and saw 7 of its levels.

You collected 300 gold pieces.

Inventory:

Hand Weapons
 n - a +1 war axe (weapon)
Missiles
 f - a throwing net (quivered)
 u - 6 boomerangs
Armour
 b - a +0 animal skin (worn)
 k - a +2 pair of gloves (worn)
 t - a +1 pair of boots (worn)
Jewellery
 i - a +6 ring of dexterity
 v - a ring of resist corrosion
Wands
 p - a wand of charming (6)
 r - a wand of iceblast (9)
Scrolls
 e - 3 scrolls of teleportation
 g - 2 scrolls of fog
 j - a scroll of fear {unknown}
 o - 2 scrolls of amnesia
 w - a scroll of identify
Potions
 a - 2 potions of lignification
 c - 3 potions of curing
 d - a potion of berserk rage {unknown}
 h - 2 potions of mutation
 l - 3 potions of heal wounds
 m - 2 potions of might
 q - a potion of enlightenment {unknown}
 s - 3 potions of degeneration


   Skills:
 + Level 7.6 Fighting
 + Level 10.5 Axes
 + Level 2.5 Armour
 + Level 6.3 Dodging
 + Level 2.3 Stealth


You had 8 spell levels left.
You didn't know any spells.
Your spell library was empty.

Dungeon Overview and Level Annotations

Branches:
Dungeon (7/15)
 Temple: D:4-7

Altars:
Nemelex Xobeh
Okawaru
Yredelemnul

Shops:
D:1 =(?[=   D:4 *


Innate Abilities, Weirdness & Mutations

You have a pair of horns on your head.
You reflexively headbutt those who attack you in melee.


Message History

The slime creature hits you!
You hit the slime creature.
The slime creature is moderately wounded.
You slash the slime creature!
A slime creature comes into view.
The slime creature hits you! The slime creature hits you.
You barely miss the slime creature.
The slime creature is moderately wounded.
You hit the slime creature but do no damage.
You hit the slime creature. You hit the slime creature.
The slime creature is moderately wounded.
You slash the slime creature! You barely miss the slime creature.
The slime creature misses you. The slime creature closely misses you.
You furiously retaliate!
You headbutt the slime creature. The slime creature hits you!!
You slash the slime creature!
The slime creature is heavily wounded.
You hit the slime creature. x2; The slime creature hits you.
The slime creature hits you!!
* * * LOW HITPOINT WARNING * * *
Two slime creatures merge to form a large slime creature.
Two slime creatures merge to form a very large slime creature.
A red film seems to cover your vision as you go berserk!
You feel yourself moving faster!
You feel mighty!
The slime creature hits you but does no damage.
The slime creature completely misses you.
You barely miss the very large slime creature.
Your headbutt misses the very large slime creature.
The very large slime creature is lightly wounded.
You slash the slime creature! x2; The slime creature hits you!!
* * * LOW HITPOINT WARNING * * *
The slime creature closely misses you.
A very large slime creature splits.
You slash the large slime creature!
The large slime creature is moderately wounded.
You barely miss the slime creature. You slash the slime creature!
You hit the slime creature.
The slime creature hits you but does no damage.
The slime creature hits you.
You die... ### #.. #.# #.# #.# ##.## #.@J# #JJJ#

#.......
#...#.###
!.......
###..#J#..
#.. . .#
#..## ##


You could see a large slime creature and 3 slime creatures.

Vanquished Creatures
  Sigmund (D:5)
  4 yaks (D:6)
  Eustachio (D:4)
  A black bear (D:4)
  2 ogres
  A kobold brigand (D:4)
  A gnoll sergeant (D:6)
  A scorpion (D:5)
  A water moccasin zombie (D:5)
  A bombardier beetle (D:5)
  A bullfrog zombie (D:5)
  A jelly (D:4)
  2 hounds
  A gnoll bouda (D:6)
  2 iguanas
  2 hound zombies (D:5)
  14 gnolls
  9 adders
  2 shadow imps (D:6)
  A white imp (D:5)
  2 ufetubi (D:6)
  An adder zombie (D:5)
  A ribbon worm (D:5)
  2 dart slugs
  9 orcs
  8 ball pythons
  6 endoplasms
  3 giant cockroaches
  5 goblins
  7 hobgoblins
  5 quokkas
  3 bats
  23 kobolds
  7 rats
131 creatures vanquished.

Notes
Turn   | Place    | Note
-------+----------+-------------------------------------------
     0 | D:1      | Curundu the Minotaur Berserker began the quest for the Orb.
     0 | D:1      | Reached XP level 1. HP: 19/19 MP: 0/0
    20 | D:1      | Found Mongoes's Antique Weapon Boutique.
   137 | D:1      | Found Luomm's Antique Armour Emporium.
   307 | D:1      | Found Aqirilol's Magic Scroll Shop.
   395 | D:1      | Found Ralop's Jewellery Boutique.
   528 | D:1      | Reached XP level 2. HP: 27/27 MP: 1/1
   566 | D:1      | Reached skill level 4 in Axes
   696 | D:1      | Found a faded altar of an unknown god.
   968 | D:1      | Found Huahumn's Jewellery Shoppe.
  1241 | D:2      | Reached ** piety under Trog
  1242 | D:2      | Reached XP level 3. HP: 31/33 MP: 2/2
  1784 | D:3      | Identified the +4 dagger "Xazos" {heavy, Str+4}
  2075 | D:3      | Reached XP level 4. HP: 28/41 MP: 3/3
  2324 | D:3      | Reached skill level 5 in Axes
  2970 | D:4      | Reached *** piety under Trog
  2973 | D:4      | Noticed a kobold brigand
  2981 | D:4      | Killed a kobold brigand
  2982 | D:4      | Reached skill level 1 in Stealth
  2982 | D:4      | Reached XP level 5. HP: 7/47 MP: 4/4
  3214 | D:4      | Found Corauru's CLEARANCE SALE!.
  3225 | D:4      | Noticed a black bear
  3226 | D:4      | Noticed Eustachio
  3232 | D:4      | Killed a black bear
  3233 | D:4      | Reached skill level 5 in Fighting
  3233 | D:4      | Reached skill level 6 in Axes
  3233 | D:4      | Reached XP level 6. HP: 46/56 MP: 5/5
  3248 | D:4      | Killed Eustachio
  3349 | D:4      | Reached skill level 7 in Axes
  3353 | D:4      | Reached XP level 7. HP: 62/62 MP: 6/6
  3791 | D:4      | Found a sparkling altar of Nemelex Xobeh.
  4135 | D:5      | Entered Level 5 of the Dungeon
  4277 | D:5      | Found an iron altar of Okawaru.
  4515 | D:5      | Found a basalt altar of Yredelemnul.
  4520 | D:5      | Reached skill level 8 in Axes
  4824 | D:5      | Noticed Sigmund
  4831 | D:5      | Killed Sigmund
  4832 | D:5      | Reached skill level 5 in Dodging
  4832 | D:5      | Reached XP level 8. HP: 71/71 MP: 7/7
  4844 | D:5      | Reached skill level 9 in Axes
  5515 | D:6      | Reached **** piety under Trog
  5869 | D:6      | Reached skill level 10 in Axes
  5875 | D:6      | Reached XP level 9. HP: 34/79 MP: 8/8
  6443 | D:7      | HP: 1/118 [slime creature (18)]
  6444 | D:7      | Slain by a slime creature

Illustrated notes

Levels and vault maps discovered:
D:1:      lemuel_arrival_hallway, layout_basic,
          dilly_ecumenical_altar_fadedgnrine, serial_shops, shop,
          nicolae_shop_tiny_statue_garden, nicolae_shop_stone,
          nicolae_shop_pleasant_corner_grove, nicolae_shop_advertising_works
          [nicolae_subvault_shop_adworks], chequers_arboretum
D:2:      layout_rooms, serial_forest, infiniplex_forest_3_way,
          infiniplex_forest_lined_room_, infiniplex_forest_lined_room_2,
          infiniplex_forest_clump_small, infiniplex_forest_end_2,
          infiniplex_forest_side_room, infiniplex_forest_clump_double,
          infiniplex_forest_lined_4_way, infiniplex_forest_3_way
D:3:      layout_basic, kennysheep_boxes
D:4:      kennysheep_kobold_camp, layout_basic, kennysheep_little_box,
          gup_sewer_entry_glass, nicolae_shop_clearance, uniq_eustachio
D:5:      layout_basic, nicolae_yredelemnul_corpse_copse,
          nicolae_overflow_crystal_walls, uniq_sigmund
D:6:      layout_basic
D:7:      layout_loops_ring, slow_altar_2, ashenzari_conservatory_becter,
          grunt_gozag_breadcrumbs, minmay_temple_entry_slanted,
          uniq_prince_ribbit1

Skill      XL: |  1  2  3  4  5  6  7  8 |
---------------+-------------------------+-----
Fighting       | 4 5 6 7 |  7.6
Axes           | 4 5 6 7 8 10 | 10.5
Dodging        | 3 4 5 6 |  6.3
Stealth        | 1 2 |  2.3
Armour         | |  2.5

Action                     |  1- 3 |  4- 6 |  7- 9 || total
---------------------------+-------+-------+-------++-------
  Melee: Hand axe          |    78 |       |       ||    78
         Headbutt          |     9 |    13 |    24 ||    46
         War axe           |    17 |    80 |   127 ||   224
         Punch             |       |     1 |     2 ||     3
 Invoke: Berserk           |       |     3 |     1 ||     4
         Trog's Hand       |       |     1 |     2 ||     3
    Use: Scroll            |       |       |    17 ||    17
 Armour: Animal skin       |    59 |    72 |   109 ||   240
  Dodge: Dodged            |    71 |    63 |   126 ||   260
